 Dungeon Crawl Stone Soup version 0.25-a0-10-g2fe12d4 (webtiles) character file.

Game seed: 15676643577103699674, levelgen mode: deterministic

709 Lianjan the Summoner (level 7, -9/42 HPs)
             Began as a Tengu Summoner on Oct 16, 2019.
             Was an Initiate of Gozag.
             Shot with an arrow by a centaur (14 damage)
             ... on level 5 of the Dungeon.
             The game lasted 00:10:13 (5472 turns).

Lianjan the Summoner (Tengu Summoner)               Turns: 5472, Time: 00:10:14

Health: -9/42      AC:  5    Str:  9    XL:     7   Next: 68%
Magic:  10/14      EV: 15    Int: 17    God:    Gozag
Gold:   218        SH:  0    Dex: 14    Spells: 4/14 levels left

rFire    . . .     SeeInvis .   g - +1 short sword (distort)
rCold    + . .     Gourm    .   (no shield)
rNeg     . . .     Faith    .   a - +0 robe
rPois    .         Spirit   .   (helmet restricted)
rElec    .         Reflect  .   p - +0 cloak
rCorr    .         Harm     .   x - +1 pair of gloves "Pouneum" {+Inv rC+}
MR       .....                  (boots unavailable)
Stlth    ++........             (no amulet)
HPRegen  0.14/turn              (no ring)
MPRegen  0.14/turn              (no ring)

@: flying quickly and evasively, quick
A: beak, talons 3, able to fly
a: Stop Flying, Potion Petition, Call Merchant, Bribe Branch, Renounce Religion,
Evoke Invisibility


You were on level 5 of the Dungeon.
You worshipped Gozag.
Gozag was aware of your devotion.
You were not hungry.

You visited 1 branch of the dungeon, and saw 6 of its levels.

You collected 332 gold pieces.
You paid 114 gold pieces to Gozag.

Inventory:

Hand Weapons
 b - a +0 dagger
 e - a +0 short sword
 g - a +1 short sword of distortion (weapon)
 u - a +2 dagger of venom
Missiles
 d - 107 stones (quivered)
Armour
 a - a +0 robe (worn)
 p - a +0 cloak (worn)
 x - the +1 pair of gloves "Pouneum" (worn) {+Inv rC+}
   (You found it on level 4 of the Dungeon)

   It protects you from cold.
   It lets you turn invisible.
Jewellery
 n - an uncursed amulet of regeneration {unknown}
Wands
 r - a wand of flame (10)
Scrolls
 f - 2 scrolls of remove curse {unknown}
 i - 4 scrolls of identify {unknown}
 k - 2 scrolls of teleportation {unknown}
 l - a scroll of random uselessness {unknown}
 m - a scroll of fear {unknown}
 o - a scroll of magic mapping {unknown}
 q - a scroll of blinking {unknown}
 s - a scroll of fog {unknown}
 v - a scroll of amnesia {unknown}
Potions
 h - 2 potions of heal wounds {unknown}
 j - a potion of degeneration {unknown}
 t - a potion of brilliance {unknown}
Comestibles
 c - 6 rations


   Skills:
 + Level 3.8 Fighting
 - Level 2.1 Dodging
 - Level 2.0 Stealth
 + Level 4.1 Spellcasting
 * Level 8.5 Summonings


You had 4 spell levels left.
You knew the following spells:

 Your Spells              Type           Power        Failure   Level  Hunger
a - Summon Small Mammal   Summ           ####         1%          1    None
b - Call Imp              Summ           ####....     1%          2    ##.....
c - Call Canine Familiar  Summ           ####....     1%          3    ###....
d - Summon Ice Beast      Ice/Summ       ###.....     26%         4    ####...

Your spell library contained the following spells:

 Spells                   Type           Power        Failure   Level  Hunger
 Summon Guardian Golem    Hex/Summ       ###.....     9%          3    ###....
 Summon Lightning Spire   Summ/Air       ###.....     26%         4    ####...


Dungeon Overview and Level Annotations

Branches:
Dungeon (6/15)
 Temple: D:4-7

Altars:
Gozag
Nemelex Xobeh
Ru
Trog
Vehumet
Zin

Annotations:
Abyss:1 Terence


Innate Abilities, Weirdness & Mutations

You have a beak for a mouth.
You have claws for feet.
You can fly continuously.


Message History

The centaur shoots an arrow.
The arrow hits you! The arrow freezes you.
Casting: Call Imp (safe; 1% risk of failure)
Confirm with . or Enter, or press ? or * to list all spells.
A beastly little devil appears in a puff of frigid air.
The centaur shoots an arrow.
The arrow hits you!
* * * LOW HITPOINT WARNING * * *
The arrow freezes you.
* * * LOW HITPOINT WARNING * * *
What are your orders? t - Shout!
Orders for allies: a - Attack new target. r - Retreat! s - Stop attacking. g - Guard the area. f - Follow me.
Anything else - Cancel.
Gang up on whom?
Press: ? - help, Dir - move target cursor, f - centaur
Aim: a centaur, wielding a +2 shortbow of freezing Attack!
The centaur shoots an arrow.
The arrow hits you!
You die...
Your body crumbles into a pile of gold.

..8# ## ...## #..c ...8#
.... ...###. #### ....
..8# ##.####.. ..# _###
........#####.####
#######................
.###.#..####.#.5..####..
...............#@5......
.............<.#........
...............#..5.....
.........#######........
...>...<.# #........
.........# #........
.........# #........
.........# #........
##########


You could see a centaur, a friendly crimson imp and 2 friendly white imps.

Vanquished Creatures
  A scorpion (D:4)
  2 hounds
  An orc wizard (D:6)
  A centaur skeleton (D:6)
  A worker ant (D:4)
  2 hound skeletons
  3 adders (D:3)
  A shadow imp (D:4)
  A dart slug (D:2)
  6 orcs
  4 giant cockroaches
  7 goblins
  5 hobgoblins
  9 jackals
  2 kobolds (D:1)
  A quokka (D:6)
  3 ball pythons
  5 bats
  6 frilled lizards
  A jackal skeleton (D:4)
  7 rats
69 creatures vanquished.

Vanquished Creatures (collateral kills)
  A black bear (D:6)
  3 ogres (D:4)
  A scorpion (D:6)
  Crazy Yiuf (D:2)
  A hound (D:5)
  A quasit (D:6)
  An orc priest (D:6)
  A centaur skeleton (D:4)
  A worker ant (D:5)
  3 adders
  2 orcs
  A goblin (D:1)
  2 hobgoblins (D:1)
  4 kobolds
  A quokka (D:4)
  2 bats (D:1)
  A frilled lizard (D:5)
  A leopard gecko skeleton (D:6)
  2 rats (D:1)
30 creatures vanquished.

Vanquished Creatures (others)
  An adder (D:2)
  An orc (D:3)
  A giant cockroach (D:2)
3 creatures vanquished.

Grand Total: 102 creatures vanquished

Notes
Turn   | Place    | Note
-------+----------+-------------------------------------------
     0 | D:1      | Lianjan the Tengu Summoner began the quest for the Orb.
     0 | D:1      | Reached XP level 1. HP: 10/10 MP: 4/4
   118 | D:1      | Reached skill level 5 in Summonings
   331 | D:1      | Reached XP level 2. HP: 11/16 MP: 4/6
   838 | D:1      | Reached skill level 1 in Fighting
   969 | D:1      | Reached XP level 3. HP: 19/20 MP: 5/7
   991 | D:1      | Learned a level 2 spell: Call Imp
   995 | D:1      | Learned a level 3 spell: Call Canine Familiar
  1119 | D:2      | Noticed Terence
  1583 | D:2      | Banished Terence
  1583 | D:2      | Reached XP level 4. HP: 13/25 MP: 1/8
  2187 | D:2      | Found a runed translucent door.
  2188 | D:2      | Noticed Crazy Yiuf
  2260 | D:2      | Killed Crazy Yiuf
  2260 | D:2      | Reached skill level 6 in Summonings
  2449 | D:3      | You fall into a shaft and drop 3 floors!
  2459 | D:5      | Entered Level 5 of the Dungeon
  2459 | D:5      | Found a glowing silver altar of Zin.
  2516 | D:5      | Noticed a centaur
  2679 | D:6      | Gained mutation: You can fly continuously. [Tengu growth]
  2679 | D:6      | Reached XP level 5. HP: 27/30 MP: 7/10
  2718 | D:6      | Noticed a black bear
  2728 | D:6      | Killed a black bear
  3198 | D:6      | Reached XP level 6. HP: 21/36 MP: 3/11
  3200 | D:6      | Found a sacrificial altar of Ru.
  3201 | D:6      | Reached skill level 7 in Summonings
  3854 | D:3      | Found a bloodstained altar of Trog.
  3945 | D:3      | Reached XP level 7. HP: 39/41 MP: 13/13
  4257 | D:3      | Learned a level 4 spell: Summon Ice Beast
  4809 | D:4      | Reached skill level 8 in Summonings
  4837 | D:4      | Found a radiant altar of Vehumet.
  5260 | D:4      | Found an opulent altar of Gozag.
  5261 | D:4      | Found a sparkling altar of Nemelex Xobeh.
  5271 | D:4      | Got a pair of shimmering gloves
  5277 | D:4      | Identified the +1 pair of gloves "Pouneum" {+Inv rC+} (You
                  | found it on level 4 of the Dungeon)
  5281 | D:4      | Became a worshipper of Gozag Ym Sagoz the Greedy
  5472 | D:5      | Shot with an arrow by a centaur

Levels and vault maps discovered:
D:1:      wheals_arrival_linesprint, layout_basic
D:2:      layout_basic, first_ration, uniq_crazy_yiuf_cottage, uniq_terence
D:3:      layout_loops_ring, lightli_temple_of_fire
D:4:      layout_loops_ring, grunt_temple_overflow_opulence,
          vehumet_altar_wand_db
D:5:      layout_rooms, nicolae_overflow_hidden_temple, serial_shops,
          nicolae_shop_temple_entry_statues_fountains
D:6:      layout_loops_corners, kiku_gazebo_pond_becter, kennysheep_mini_moat,
          uniq_grinder, uniq_pikel

Skill      XL: |  1  2  3  4  5  6  7 |
---------------+----------------------+-----
Summonings     | 5 6 7 8 |  8.5
Fighting       | 1 2 3 |  3.8
Spellcasting   | 3 4 |  4.1
Dodging        | |  2.1
Stealth        | |  2.0

Action                   |  1- 3 |  4- 6 |  7- 9 || total
-------------------------+-------+-------+-------++-------
Melee: Short sword       |    58 |    58 |    69 ||   185
       Dagger            |     6 |       |       ||     6
       Kick              |    14 |     9 |     9 ||    32
       Unarmed           |     4 |       |       ||     4
       Peck              |     4 |     6 |     8 ||    18
Throw: Stone             |       |       |     1 ||     1
 Cast: Summon Small Mamm |     9 |       |       ||     9
       Call Imp          |    10 |    28 |    16 ||    54
       Call Canine Famil |     1 |     2 |     2 ||     5
 Abil: Fly               |       |     1 |       ||     1
 Stab: Sleeping          |     2 |     6 |     3 ||    11
  Eat: Chunk             |     3 |     5 |     2 ||    10
       Ration            |       |     1 |     1 ||     2
Armor: Robe              |    16 |    12 |     5 ||    33
Dodge: Dodged            |    37 |    38 |    61 ||   136

Table legend:
 A = Non-vault XP
 B = Vault XP
 C = Vault XP percentage of total XP
 D = Non-vault monster count
 E = Vault monster count
 F = Vault count percentage of total count
                 A         B        C        D         E       F
            +---------+---------+-------+---------+---------+-------
      Total |     960 |      53 |   5.2 |     100 |       3 |   2.9
            +---------+---------+-------+---------+---------+-------
        D:1 |      39 |       0 |   0.0 |      28 |       0 |   0.0
        D:2 |      39 |      52 |  57.1 |       8 |       2 |  20.0
        D:3 |      90 |       0 |   0.0 |      31 |       0 |   0.0
        D:4 |     444 |       1 |   0.2 |      14 |       1 |   6.7
        D:5 |      44 |       0 |   0.0 |       6 |       0 |   0.0
        D:6 |     304 |       0 |   0.0 |      13 |       0 |   0.0
            +---------+---------+-------+---------+---------+-------
